 Dungeon Crawl Stone Soup version 0.30-a0-142-g7370640ec8 (webtiles) character file.

Game seed: 16915733601639219081

362 qw the Chopper (level 6, -5/39 HPs)
             Began as a Gargoyle Fighter on Sept 25, 2022.
             Was an Initiate of Okawaru.
             Slain by a wyvern (14 damage)
             ... on level 5 of the Dungeon.
             The game lasted 00:01:21 (3513 turns).

qw the Chopper (Gargoyle Fighter)                   Turns: 3513, Time: 00:01:22

Health: -5/39      AC: 16    Str: 22    XL:     6   Next: 66%
Magic:  4/6        EV: 11    Int:  8    God:    Okawaru [......]
Gold:   71         SH:  5    Dex:  9    Spells: 5/5 levels left

rFire   + + .      SeeInvis .    Y - +2 war axe
rCold   . . .      Faith    .    c - +0 buckler
rNeg    + + .      Spirit   .    g - +1 scale mail {rN+}
rPois   inf        Reflect  .    n - +1 helmet
rElec   +          Harm     .    (no cloak)
rCorr   .          Rampage  .    (no gloves)
Will    .....                    (no boots)
Stlth   +.........               (no amulet)
HPRegen 0.13/turn                m - ring of protection from fire
MPRegen 0.10/turn                (no ring)

@: heroic
A: sickness immunity, AC +4, negative energy resistance 1, electricity
resistance, torment resistance 1, petrification resistance, fire resistance 1
a: Renounce Religion


You were on level 5 of the Dungeon.
You worshipped Okawaru.
Okawaru was noncommittal.
You visited 1 branch of the dungeon, and saw 5 of its levels.

You collected 196 gold pieces.
You spent 125 gold pieces at shops.


Innate Abilities, Weirdness & Mutations

You are immune to sickness and miasma.
Your stone body is resilient. (AC +4)
You are immune to poison.
You resist negative energy. (rN+)
You are resistant to electric shocks. (rElec)
You are resistant to unholy torment.
You are immune to petrification.
Your flesh is heat resistant. (rF+)


   Skills:
 - Level 4.4(9.4) Fighting
 + Level 5.3(10.3) Axes
 - Level 3.2(8.2) Armour
 - Level 1.4(6.4) Dodging
 - Level 3.2(8.2) Shields


You had 5 spell levels left.
You didn't know any spells.
Your spell library was empty.

Inventory:

Hand Weapons
 e - a +0 flail
 Y - a +2 war axe (weapon)
Missiles
 s - 6 boomerangs (quivered)
Armour
 b - a +0 chain mail
 c - a +0 buckler (worn)
 g - a +1 scale mail of positive energy (worn)
 n - a +1 helmet (worn)
Jewellery
 m - a ring of protection from fire (left hand)
Scrolls
 i - 2 scrolls of identify
 r - a scroll of fear {unknown}
Potions
 a - a potion of lignification
 d - a potion of might
 f - 2 potions of mutation
 h - 3 potions of curing
 j - a potion of attraction {unknown}
 k - a potion of brilliance {unknown}
 l - a potion of magic {unknown}
 o - a potion of heal wounds {unknown}
 p - a potion of cancellation {unknown}
 q - a potion of degeneration {unknown}

Dungeon Overview and Level Annotations

Branches:
Dungeon (5/15)
 Temple: D:4-7

Altars:
Kikubaaqudgha
Okawaru

Shops:
D:1 (   D:3 ?


Message History

The scorpion is heavily wounded.
The scorpion stings you but does no damage.
You closely miss the scorpion.
The scorpion is heavily wounded.
You block the scorpion's attack. The scorpion stings you.
You closely miss the scorpion.
The scorpion is heavily wounded.
The scorpion barely misses you.
You slash the scorpion!
You kill the scorpion!
Okawaru accepts your kill.
You can now gain great but temporary skills.
Your Dodging skill increases to level 1!
You start resting.
HP restored.
s - 6 boomerangs
Found a book of Unlife.
A wyvern comes into view.
Found 21 gold pieces.
The wyvern hisses angrily.
You hit the wyvern.
The wyvern is lightly wounded.
The wyvern bites you! The wyvern bites you.
3509 ||| INVOKING Heroism.
You gain the combat prowess of a mighty hero.
You can no longer gain great but temporary skills.
The wyvern bites you but does no damage.
You slash the wyvern!
The wyvern is moderately wounded.
The wyvern barely misses you. You block the wyvern's attack.
You barely miss the wyvern.
The wyvern is moderately wounded.
The wyvern bites you. x2
You hit the wyvern.
The wyvern is heavily wounded.
The wyvern bites you.
You hit the wyvern.
The wyvern is severely wounded.
The wyvern bites you. The wyvern bites you!
You die...

........#
######### #. #
###:. #### # .....
...# # #
#.#.##.[#.# ###
....#..#.#### ..#
#........... #.#
...##.......$..
#.# #.....@l# #.#
######.## #.# #.#
#.# #.# ..# #.#
### #.#### #####
#########....#
....#
#.........###.#
###.####.######.##


You could see a wyvern.

Vanquished Creatures
  A phantom (D:4)
  A necrophage (D:4)
  A scorpion (D:5)
  Natasha (twice) (D:3)
  An iguana (D:4)
  Robin (D:3)
  An adder (D:3)
  An ufetubus (D:5)
  A dart slug (D:1)
  5 orcs
  4 endoplasms
  2 giant cockroaches (D:3)
  13 goblins
  4 hobgoblins
  4 kobolds
  3 quokkas
  2 ball pythons
  15 bats
  5 frilled lizards
  5 rats
72 creatures vanquished.

Notes
Turn   | Place    | Note
-------+----------+-------------------------------------------
     0 | D:1      | qw the Gargoyle Fighter began the quest for the Orb.
     0 | D:1      | Reached XP level 1. HP: 14/14 MP: 1/1
     0 | D:1      | 0 ||| qw: Version: 0.2-a-10-g399e6c4
     0 | D:1      | 0 ||| qw: Game counter: 429
     0 | D:1      | 0 ||| qw: Always use a shield: true
     0 | D:1      | 0 ||| qw: God list: Okawaru
     0 | D:1      | 0 ||| qw: Allow faded altars: false
     0 | D:1      | 0 ||| qw: Do Orc after D:15 true
     0 | D:1      | 0 ||| qw: Do second Lair branch before Depths: true
     0 | D:1      | 0 ||| qw: Lair rune preference: random
     0 | D:1      | 0 ||| qw: Plans: Normal, Zot:1-4, God:TSO, Crypt, Tomb,
                  | Pan, Slime:5, Hells, Abyss, Orb
     0 | D:1      | 0 ||| PLANNING D:1-11
    39 | D:1      | Found Ewuguaph's Weapon Shop.
    48 | D:1      | 48 ||| SHOPLISTING +3 vampiric war axe (357 gold, have 0).
    83 | D:1      | 83 ||| Stepping ~*~*~tactically~*~*~ (stealth).
    91 | D:1      | Reached skill level 2 in Axes
   227 | D:1      | Reached XP level 2. HP: 19/19 MP: 2/2
   231 | D:1      | 231 ||| Stepping ~*~*~tactically~*~*~ (stealth).
   314 | D:1      | 314 ||| Stepping ~*~*~tactically~*~*~ (hiding).
   515 | D:1      | 515 ||| Stepping ~*~*~tactically~*~*~ (stealth).
   522 | D:1      | Reached skill level 3 in Axes
   694 | D:1      | Reached XP level 3. HP: 22/23 MP: 3/3
   815 | D:1      | 815 ||| READING scroll labelled SUSOGUDAUL.
   816 | D:1      | 816 ||| READING scroll labelled GIEH VOOBBUOR.
   817 | D:1      | 817 ||| READING scroll labelled TUTIFETI SIUPH.
   818 | D:1      | 818 ||| READING scroll labelled IWACZA XOHOIC.
   819 | D:1      | 819 ||| DRINKING 2 lumpy clear potions.
   820 | D:1      | 820 ||| DRINKING 4 grey potions.
   821 | D:1      | 821 ||| DROPPING potion of flight.
   903 | D:2      | 903 ||| Stepping ~*~*~tactically~*~*~ (stealth).
  1025 | D:2      | 1025 ||| DROPPING +0 club.
  1057 | D:2      | 1057 ||| DROPPING +0 whip.
  1107 | D:2      | 1107 ||| Stepping ~*~*~tactically~*~*~ (stealth).
  1129 | D:2      | Found a faded altar of an unknown god.
  1260 | D:2      | 1260 ||| READING scroll of enchant weapon.
  1260 | D:2      | 1260 ||| ENCHANTING +1 war axe.
  1644 | D:2      | 1644 ||| UPGRADING to +1 scale mail of positive energy.
  1654 | D:2      | 1654 ||| DROPPING +0 scale mail.
  1655 | D:2      | 1655 ||| UPGRADING to ring of protection from fire.
  1656 | D:2      | 1656 ||| READING scroll labelled LOUQUNUGYGH.
  1657 | D:2      | 1657 ||| READING scroll labelled XIONA GION.
  1658 | D:2      | 1658 ||| DRINKING 3 viscous sapphire potions.
  1658 | D:2      | Gained mutation: Your flesh is heat resistant. (rF+)
                  | [potion of mutation]
  1658 | D:2      | Lost mutation: Your flesh is heat resistant. (rF+) [potion
                  | of mutation]
  1658 | D:2      | Gained mutation: Your flesh is heat resistant. (rF+)
                  | [potion of mutation]
  1696 | D:3      | Found an iron altar of Okawaru.
  1697 | D:3      | 1697 ||| PLANNING OKAWARU WORSHIP
  1703 | D:3      | 1703 ||| FLEEEEING.
  1718 | D:3      | 1718 ||| FLEEEEING.
  1720 | D:3      | 1720 ||| FLEEEEING.
  1721 | D:3      | 1721 ||| FLEEEEING.
  1727 | D:3      | 1727 ||| STAIRDANCE
  1768 | D:3      | Became a worshipper of Warmaster Okawaru
  1769 | D:3      | 1769 ||| PLANNING D:1-11
  1846 | D:3      | 1846 ||| Stepping ~*~*~tactically~*~*~ (stealth).
  1891 | D:3      | 1891 ||| Stepping ~*~*~tactically~*~*~ (stealth).
  1921 | D:3      | Found an ancient bone altar of Kikubaaqudgha.
  2001 | D:3      | Found Xautig's Magic Scroll Emporium.
  2026 | D:3      | 2026 ||| BUYING scroll of enchant armour (75 gold).
  2026 | D:3      | Bought a scroll of enchant armour for 75 gold pieces
  2026 | D:3      | 2026 ||| BUYING scroll of identify (20 gold).
  2026 | D:3      | Bought a scroll of identify for 20 gold pieces
  2026 | D:3      | 2026 ||| BUYING scroll of teleportation (30 gold).
  2026 | D:3      | Bought a scroll of teleportation for 30 gold pieces
  2076 | D:3      | 2076 ||| Stepping ~*~*~tactically~*~*~ (stealth).
  2098 | D:3      | 2098 ||| Stepping ~*~*~tactically~*~*~ (stealth).
  2099 | D:3      | 2099 ||| Stepping ~*~*~tactically~*~*~ (stealth).
  2100 | D:3      | 2100 ||| Stepping ~*~*~tactically~*~*~ (stealth).
  2114 | D:3      | Reached XP level 4. HP: 25/28 MP: 4/4
  2127 | D:3      | 2127 ||| Stepping ~*~*~tactically~*~*~ (stealth).
  2145 | D:3      | 2145 ||| Stepping ~*~*~tactically~*~*~ (stealth).
  2195 | D:3      | 2195 ||| Stepping ~*~*~tactically~*~*~ (stealth).
  2207 | D:3      | 2207 ||| Stepping ~*~*~tactically~*~*~ (stealth).
  2211 | D:3      | 2211 ||| Stepping ~*~*~tactically~*~*~ (stealth).
  2212 | D:3      | 2212 ||| Stepping ~*~*~tactically~*~*~ (stealth).
  2213 | D:3      | 2213 ||| Stepping ~*~*~tactically~*~*~ (stealth).
  2214 | D:3      | 2214 ||| Stepping ~*~*~tactically~*~*~ (stealth).
  2217 | D:3      | 2217 ||| Stepping ~*~*~tactically~*~*~ (stealth).
  2218 | D:3      | 2218 ||| Stepping ~*~*~tactically~*~*~ (stealth).
  2219 | D:3      | 2219 ||| Stepping ~*~*~tactically~*~*~ (stealth).
  2220 | D:3      | 2220 ||| Stepping ~*~*~tactically~*~*~ (stealth).
  2221 | D:3      | 2221 ||| Stepping ~*~*~tactically~*~*~ (stealth).
  2222 | D:3      | 2222 ||| Stepping ~*~*~tactically~*~*~ (stealth).
  2223 | D:3      | 2223 ||| Stepping ~*~*~tactically~*~*~ (stealth).
  2224 | D:3      | 2224 ||| Stepping ~*~*~tactically~*~*~ (stealth).
  2229 | D:3      | Reached skill level 4 in Axes
  2330 | D:3      | Noticed Natasha
  2340 | D:3      | Killed Natasha
  2589 | D:3      | Noticed Natasha
  2590 | D:3      | 2590 ||| Stepping ~*~*~tactically~*~*~ (hiding).
  2603 | D:3      | HP: 7/28 [Natasha/magic dart (2)]
  2604 | D:3      | 2604 ||| READING scroll of teleportation.
  2877 | D:3      | Noticed Robin
  2878 | D:3      | 2878 ||| Stepping ~*~*~tactically~*~*~ (hiding).
  2885 | D:3      | Killed Robin
  2974 | D:3      | 2974 ||| UPGRADING to +0 helmet.
  2979 | D:3      | 2979 ||| READING scroll of enchant armour.
  2979 | D:3      | 2979 ||| ENCHANTING +0 helmet.
  2980 | D:3      | 2980 ||| READING scroll labelled DIYJYGHOAPY.
  2981 | D:3      | 2981 ||| DRINKING 3 glowing purple potions.
  3073 | D:3      | 3073 ||| Stepping ~*~*~tactically~*~*~ (stealth).
  3074 | D:3      | 3074 ||| Stepping ~*~*~tactically~*~*~ (stealth).
  3075 | D:3      | 3075 ||| READING 2 scrolls of identify.
  3075 | D:3      | 3075 ||| IDENTIFYING sedimented golden potion
  3076 | D:3      | 3076 ||| DROPPING 2 potions of berserk rage.
  3078 | D:3      | 3078 ||| Stepping ~*~*~tactically~*~*~ (hiding).
  3090 | D:3      | Killed Natasha
  3091 | D:3      | Reached XP level 5. HP: 24/32 MP: 5/5
  3200 | D:4      | Noticed a phantom
  3211 | D:4      | Killed a phantom
  3212 | D:4      | Reached skill level 5 in Axes
  3237 | D:4      | Reached XP level 6. HP: 28/38 MP: 6/6
  3403 | D:4      | You fall into a shaft and drop 1 floor!
  3403 | D:5      | Entered Level 5 of the Dungeon
  3490 | D:5      | Reached * piety under Okawaru
  3491 | D:5      | Reached skill level 1 in Dodging
  3506 | D:5      | Noticed a wyvern
  3509 | D:5      | 3509 ||| INVOKING Heroism.
  3513 | D:5      | HP: 9/39 [wyvern (4)]
  3513 | D:5      | Slain by a wyvern

Levels and vault maps discovered:
D:1:      tarquinn_simple_flora_water_e, layout_basic, serial_shops,
          nicolae_shop_statue_plus
D:2:      layout_basic, chequers_ecumenical_altar_simple
D:3:      layout_loops_ring, mainiacjoe_overflow_catch_the_wave, serial_shops,
          shop_statue, hex_large, nrook_uturn, nrook_campfire, uniq_natasha,
          uniq_robin
D:4:      layout_cave_pools, minmay_fire_ice_demons
D:5:      layout_loops_cross, minmay_temple_entry_glassed_door, uniq_ijyb,
          uniq_edmund

Skill      XL: |  1  2  3  4  5  6 |
---------------+-------------------+-----
Axes           | 2 3 4 5 |  5.3
Fighting       | 4 |  4.4
Dodging        | 1 |  1.4
Armour         | |  3.2
Shields        | |  3.2

Action                   |  1- 3 |  4- 6 || total
-------------------------+-------+-------++-------
Melee: War axe           |   124 |   107 ||   231
Throw: Boomerang         |     2 |       ||     2
Invok: Heroism           |       |     1 ||     1
  Use: Scroll            |     7 |     4 ||    11
       Potion            |     3 |     1 ||     4
Armor: Scale mail        |    68 |    47 ||   115
Dodge: Dodged            |    54 |    48 ||   102
Block: Buckler           |    19 |    18 ||    37

Table legend:
 A = Non-vault XP
 B = Vault XP
 C = Vault XP percentage of total XP
 D = Non-vault monster count
 E = Vault monster count
 F = Vault count percentage of total count
                 A         B        C        D         E       F
            +---------+---------+-------+---------+---------+-------
      Total |     456 |      62 |  12.0 |      64 |       8 |  11.1
            +---------+---------+-------+---------+---------+-------
        D:1 |      38 |       0 |   0.0 |      23 |       0 |   0.0
        D:2 |      17 |       0 |   0.0 |      11 |       0 |   0.0
        D:3 |      82 |      62 |  43.1 |      19 |       8 |  29.6
        D:4 |     228 |       0 |   0.0 |       9 |       0 |   0.0
        D:5 |      91 |       0 |   0.0 |       2 |       0 |   0.0
            +---------+---------+-------+---------+---------+-------
